 Dungeon Crawl Stone Soup version 0.30.1-3-gfc49f6343a (webtiles) character file.

Game seed: 6793376458268629593

9039 Tirrikindir the Carver (level 11, -4/77 HPs)
             Began as an Octopode Fighter on July 25, 2023.
             Was an Initiate of Gozag.
             Slain by an unseen horror (7 damage)
             ... on level 10 of the Dungeon on July 26, 2023.
             The game lasted 00:39:40 (8442 turns).

Tirrikindir the Carver (Octopode Fighter)           Turns: 8442, Time: 00:39:40

Health: -4/77      AC:  4    Str: 21    XL:     11   Next: 40%
Magic:  0/11       EV: 16    Int: 16    God:    Gozag
Gold:   764        SH:  9    Dex: 15    Spells: 10/10 levels left

rFire   . . .        H - +2 long sword
rCold   + + .        s - +3 buckler of the Green Mantidfly {Regen+ Str+7 Dex-5}
rNeg    . . .        d - +1 hat of Trumpets {rElec Will- Regen+ Stlth+}
rPois   .            C - amulet of guardian spirit
rElec   +            o - ring of protection from cold
rCorr   .            q - +6 ring of intelligence
SInv    .            t - ring of wizardry
Will    .....        y - ring of protection from cold
Stlth   ++++++       (no ring)
HPRegen 1.92/turn    (no ring)
MPRegen 0.12/turn    (no ring)
                     (no ring)

%: guardian spirit, wizardry (x1)
@: no status effects
A: almost no armour, amphibious, 8 rings, camouflage 1, gelatinous body 1,
(nimble swimmer 1), tentacles, iridescent scales 1, agile 1
a: Renounce Religion, Potion Petition, Call Merchant, Bribe Branch


You were on level 10 of the Dungeon.
You worshipped Gozag.
Gozag was pleased with you.
You visited 2 branches of the dungeon, and saw 11 of its levels.
You also visited: Ossuary.

You collected 1233 gold pieces.
You paid 469 gold pieces to Gozag.

Inventory:

Hand Weapons
 B - a +3 short sword
 H - a +2 long sword (weapon)
Missiles
 f - 14 poisoned darts (quivered)
Armour
 d - the +1 hat of Trumpets (worn) {rElec Will- Regen+ Stlth+}
   (You acquired it on level 1 of the Dungeon)

   rElec:     It insulates you from electricity.
   Regen:     It increases your rate of health regeneration.
   Will:      It decreases your willpower.
   Stlth:     It makes you more stealthy.
 s - the +3 buckler of the Green Mantidfly (worn) {Regen+ Str+7 Dex-5}
   (You acquired it on level 4 of the Dungeon)

   Str:       It affects your strength (+7).
   Dex:       It affects your dexterity (-5).
   Regen:     It increases your rate of health regeneration.
 G - a +0 kite shield
Jewellery
 o - a ring of protection from cold (left tentacle)
 q - a +6 ring of intelligence (right tentacle)
 t - a ring of wizardry (on tentacle)
 y - a ring of protection from cold (on tentacle)
 C - an amulet of guardian spirit (around mantle)
Wands
 v - a wand of flame (14)
 w - a wand of polymorph (5)
 E - a wand of charming (5)
 K - a wand of roots (4)
Scrolls
 g - 6 scrolls of teleportation
 j - 4 scrolls of poison
 k - 3 scrolls of enchant weapon
 m - a scroll of amnesia
 n - a scroll of fear
 u - 2 scrolls of immolation
 x - a scroll of blinking
 z - 2 scrolls of magic mapping
 D - a scroll of fog
 F - a scroll of silence
 J - 3 scrolls of identify
Potions
 a - a potion of mutation
 b - 2 potions of resistance
 c - 2 potions of ambrosia
 e - 5 potions of lignification
 h - 3 potions of curing
 i - 3 potions of brilliance
 l - 3 potions of magic
 r - 2 potions of haste
 A - a potion of invisibility
 I - 2 potions of flight


   Skills:
 * Level 7.8 Fighting
 * Level 11.1 Long Blades
 - Level 2.0 Throwing
 * Level 7.9 Dodging
 + Level 8.8 Stealth
 * Level 8.0 Shields
 + Level 4.9 Evocations


You had 10 spell levels left.
You didn't know any spells.
Your spell library contained the following spells:

 Spells                   Type           Power      Damage    Failure   Level
 Ensorcelled Hibernation  Hex/Ice        0%         N/A       17%         2
 Dazzling Flash           Conj/Hex       0%         N/A       32%         3
 Frozen Ramparts          Ice            0%         1d1       32%         3
 Spider Form              Tmut/Pois      0%         N/A       32%         3
 Stone Arrow              Conj/Erth      0%         3d7       32%         3
 Tukima's Dance           Hex            0%         N/A       32%         3
 Anguish                  Hex/Necr       0%         N/A       71%         4
 Cause Fear               Hex            0%         N/A       71%         4
 Ice Form                 Ice/Tmut       0%         N/A       71%         4
 Passage of Golubria      Tloc           0%         N/A       71%         4
 Summon Ice Beast         Ice/Summ       0%         N/A       71%         4
 Agony                    Necr           0%         N/A       96%         5
 Silence                  Hex/Air        0%         N/A       96%         5
 Yara's Violent Unravell  Hex/Tmut       0%         3d3       96%         5
 Dragon Form              Tmut           0%         N/A       100%        7
 Lehudib's Crystal Spear  Conj/Erth      0%         10d2      100%        8
 Dragon's Call            Summ           0%         N/A       100%        9
 Animate Armour           Summ/Erth      Unusable   N/A       N/A         4

Dungeon Overview and Level Annotations

Branches:
Dungeon (10/15)            Temple (1/1) D:7            Lair (0/5) D:10
    Orc (0/2) D:9         Ossuary (visited)

Altars:
Ashenzari
Cheibriados
Dithmenos
Elyvilon
Fedhas
Gozag
Hepliaklqana
Kikubaaqudgha
Makhleb
Nemelex Xobeh
Okawaru
Qazlal
Ru
Sif Muna
Trog
Uskayaw
Vehumet
Wu Jian
Xom
Yredelemnul
Zin
The Shining One

Shops:
D:10 :


Innate Abilities, Weirdness & Mutations

You cannot wear most types of armour.
You are amphibious.
You can wear up to eight rings at the same time.
Your skin changes colour to match your surroundings (Stealth+).
Your rubbery body absorbs attacks. (AC +1, EV +1)
((You are camouflaged when in or above water. (Stealth+)))
You have tentacles for arms and can constrict up to eight enemies at once.
You are partially covered in iridescent scales. (AC +2)
You are agile. (Dex +4, Str/Int -1)


Message History

Purchase which effect?
You no longer have enough gold to fund merchants seeking to open stores in the dungeon.
You feel much better. Magic courses through your body.
You hear some strange, mumbled words.
You are confused.
You miss something. Something hits you! Something bites you.
Something draws strength from your injuries!
You closely miss something. Your squeeze misses something. Something hits you!
Something bites you!
* * * LOW HITPOINT WARNING * * *
Something draws strength from your injuries!
You miss something.
You bump into the rock wall.
Something hits you!
* * * LOW HITPOINT WARNING * * *
Something bites you!
* * * LOW HITPOINT WARNING * * *
Something draws strength from your injuries!
Okay, then.
You feel better. You block something's attack. Something bites you!
* * * LOW HITPOINT WARNING * * *
Something draws strength from your injuries!
You can't see any enemies this would affect, really read the scroll of fear?
As you read the scroll of fear, it crumbles to dust.
You assume a fearsome visage.
The centaur zombie is unaffected.
Something hits you.
* * * LOW HITPOINT WARNING * * *
Something bites you but does no damage.
Welcome back, Tirrikindir the Octopode Fighter.
Gozag says: Greed is good.
Press ? for a list of commands and other information.
Something hits you but does no damage.
Deactivating autopickup; reactivate with Ctrl-A.
Something bites you!
* * * LOW HITPOINT WARNING * * *
Something draws strength from your injuries!
Something hits you.
* * * LOW HITPOINT WARNING * * *
Something barely misses you. x2; Something hits you!
You die...
Your body crumbles into a pile of gold.

∩'.###### #.# ##..# ##......# #.#
##.# ........# #.# #####'###
........# #.# #.......# ........#
#.## #.......# ........# #..#
#.......# ........# .# #...<...#
...)....#########.##### #.......+
........$.....Z{@.....# #.......#
).......#########.###...+...)...#
..).....# .# #.......# .....(..#
.# #####'### ####'#### .# #..##
#...8# .# #.... #....# .. #....
.......# P. ##.... .8.PP.(#
####....~


You could see a centaur zombie.

Vanquished Creatures
  A two-headed ogre (D:10)
  Pikel (D:7)
  Maurice (D:8)
  Joseph (D:8)
  An unseen horror (D:9)
  An unseen horror zombie (D:10)
  A komodo dragon (D:10)
  A troll (D:10)
  A meliai zombie (D:10)
  3 shadows (D:10)
  3 yaks (D:10)
  3 wraiths
  2 water moccasins
  An acid dragon (D:9)
  Duvessa (D:7)
  2 sky beasts
  5 orc warriors
  2 ice beasts (D:6)
  A wolf (D:10)
  3 lemures (D:7)
  3 centaurs
  A kobold brigand (D:9)
  6 bullfrogs
  2 gnoll sergeants (D:9)
  3 scorpions
  7 wights
  Dowan (D:7)
  4 killer bees (D:9)
  4 electric eels (D:10)
  3 howler monkeys (D:9)
  8 hounds
  A jelly (D:5)
  Crazy Yiuf (D:4)
  A gnoll bouda (D:10)
  6 orc priests
  3 iguanas
  15 orc wizards
  A howler monkey zombie (D:10)
  12 mummies (Ossuary)
  Robin (D:3)
  13 gnolls
  11 adders
  A shadow imp (D:7)
  3 white imps
  2 ufetubi
  8 worms
  A dart slug (D:2)
  40 orcs
  6 endoplasms
  4 giant cockroaches
  14 goblins
  12 hobgoblins
  3 jackals (D:4)
  7 quokkas
  7 ball pythons
  2 bats
  2 frilled lizards
  2 gnoll skeletons (Ossuary)
  2 goblin skeletons (Ossuary)
  10 kobolds
  3 kobold skeletons (Ossuary)
  An orc skeleton (Ossuary)
  4 rats
  11 rat skeletons (Ossuary)
287 creatures vanquished.

Notes
Turn   | Place    | Note
-------+----------+-------------------------------------------
     0 | D:1      | Tirrikindir the Octopode Fighter began the quest for the
                  | Orb.
     0 | D:1      | Reached XP level 1. HP: 16/16 MP: 1/1
   244 | D:1      | Reached XP level 2. HP: 17/21 MP: 2/2
   267 | D:1      | Identified a scroll of acquirement
   267 | D:1      | Acquired the +1 hat of Trumpets {rElec Will- Regen+ Stlth+}
   774 | D:2      | Reached skill level 1 in Stealth
   800 | D:2      | Reached XP level 3. HP: 26/26 MP: 3/3
   800 | D:2      | Found a stormy altar of Qazlal.
  1036 | D:2      | Noticed an eye of devastation
  1039 | D:2      | Found a faded altar of an unknown god.
  1040 | D:2      | Noticed an eye of devastation
  1040 | D:2      | Noticed a golden eye
  1040 | D:2      | Noticed an eye of devastation
  1052 | D:2      | Reached XP level 4. HP: 30/31 MP: 4/4
  1276 | D:3      | Reached skill level 3 in Long Blades
  1315 | D:3      | Noticed Robin
  1328 | D:3      | Killed Robin
  1659 | D:3      | Identified the +0 robe of the Hot Ocelot {Int-5 Dex+4}
  1681 | D:3      | Reached XP level 5. HP: 36/36 MP: 5/5
  2005 | D:4      | Acquired the +3 buckler of the Green Mantidfly {Regen+
                  | Str+7 Dex-5}
  2017 | D:4      | Reached skill level 7 in Long Blades
  2017 | D:4      | Reached XP level 6. HP: 46/46 MP: 6/6
  2070 | D:4      | Found a runed translucent door.
  2071 | D:4      | Noticed Crazy Yiuf
  2080 | D:4      | Killed Crazy Yiuf
  2212 | D:4      | Reached skill level 8 in Long Blades
  2571 | D:4      | Found a shimmering altar of Xom.
  2578 | D:4      | Found a sparkling altar of Nemelex Xobeh.
  2711 | D:5      | Entered Level 5 of the Dungeon
  2930 | D:5      | Noticed a sky beast
  2944 | D:5      | Killed a sky beast
  2945 | D:5      | Reached skill level 1 in Evocations
  2945 | D:5      | Reached XP level 7. HP: 44/52 MP: 7/7
  3049 | D:5      | Found a broken altar of Ashenzari.
  3051 | D:5      | Found a stormy altar of Qazlal.
  3731 | D:6      | Found a sand-covered staircase.
  3738 | Ossuary  | Entered an ossuary
  4090 | D:6      | Reached skill level 9 in Long Blades
  4090 | D:6      | Reached XP level 8. HP: 41/57 MP: 8/8
  4220 | D:6      | Reached skill level 10 in Long Blades
  4220 | D:6      | Reached XP level 9. HP: 14/62 MP: 9/9
  5000 | D:7      | Noticed Dowan
  5000 | D:7      | Noticed Duvessa
  5017 | D:7      | Reached skill level 1 in Throwing
  5037 | D:7      | Killed Duvessa
  5040 | D:7      | Killed Dowan
  5118 | D:7      | Noticed Pikel
  5211 | D:7      | Found a staircase to the Ecumenical Temple.
  5217 | Temple   | Entered the Ecumenical Temple
  5320 | Temple   | Became a worshipper of Gozag Ym Sagoz the Greedy
  5486 | D:7      | Found a glowing silver altar of Zin.
  5755 | D:7      | Killed Pikel
  5756 | D:7      | Reached XP level 10. HP: 62/69 MP: 7/10
  5798 | D:8      | Noticed Maurice
  5815 | D:8      | Killed Maurice
  6115 | D:8      | Noticed Joseph
  6130 | D:8      | Killed Joseph
  6939 | D:9      | Identified the +3 quarterstaff of the Lusting Penguin
                  | {heavy, *Rage Fly rN++ Str+3}
  6963 | D:9      | Gained mutation: You are agile. (Dex +4, Str/Int -1)
                  | [potion of mutation]
  6963 | D:9      | Gained mutation: You are partially covered in iridescent
                  | scales. (AC +2) [potion of mutation]
  7259 | D:9      | Killed an unseen horror
  7359 | D:9      | Found a staircase to the Orcish Mines.
  7587 | D:10     | Entered Level 10 of the Dungeon
  7619 | D:10     | Found a staircase to the Lair.
  7668 | D:10     | Reached XP level 11. HP: 37/75 MP: 1/11
  8025 | D:10     | Noticed a two-headed ogre
  8037 | D:10     | Killed a two-headed ogre
  8038 | D:10     | Reached skill level 11 in Long Blades
  8357 | D:10     | Found Zayxue's Book Boutique.
  8442 | D:10     | HP: 3/77 [something (6)]
  8442 | D:10     | Slain by an unseen horror

Illustrated notes

Levels and vault maps discovered:
D:1:      minmay_arrival_open_corners, layout_loops_corners,
          hangedman_decor_lopped
D:2:      layout_basic, basic_altar, hellmonk_ecumenical_altar_watching_god,
          hex_intersection
D:3:      layout_loops_ring, serial_glass, glass_columns_a, glass_columns_c,
          uniq_robin
D:4:      layout_basic, mainiacjoe_overflow_big_doors, minmay_gold_behind_fungi,
          nicolae_wormholes, uniq_crazy_yiuf_cottage
D:5:      layout_basic, minitemple
D:6:      layout_rooms, chequers_ossuary_entry_cave, grunt_potential
D:7:      layout_loops_ring, mainiacjoe_overflow_surrounded_room,
          minmay_temple_entry_hall, minmay_misc_feat_hallway, uniq_duvessa,
          uniq_pikel
D:8:      layout_loops_cross, uniq_joseph, uniq_maurice
D:9:      layout_basic, orc_0_dummy
D:10:     layout_roguey, erik_lair_island, serial_undead, serial_undead_c,
          serial_undead_c, serial_undead_c, serial_undead_e, serial_undead_c,
          serial_undead_c, serial_undead_d, serial_shops, kennysheep_mini
Temple:   minmay_crystal_spiral_temple

Skill      XL: |  1  2  3  4  5  6  7  8  9 10 11 |
---------------+----------------------------------+-----
Stealth        | 1 2 7 8 |  8.8
Long Blades    | 3 7 8 9 10 11 | 11.1
Fighting       | 6 7 |  7.8
Dodging        | 6 7 |  7.9
Shields        | 6 7 8 |  8.0
Evocations     | 1 2 3 4 |  4.9
Throwing       | 1 2 |  2.0

Action                     |  1- 3 |  4- 6 |  7- 9 | 10-12 || total
---------------------------+-------+-------+-------+-------++-------
  Melee: Long sword        |    47 |   131 |   338 |   319 ||   835
         Constrict         |    13 |    35 |    75 |    41 ||   164
         Tentacles         |    10 |    31 |    92 |    72 ||   205
         Punch             |       |       |     2 |     3 ||     5
         Unarmed           |       |       |       |     3 ||     3
  Throw: Dart              |       |     2 |     9 |    26 ||    37
 Invoke: Potion Petition   |       |       |       |     1 ||     1
  Evoke: Wand              |       |       |       |     2 ||     2
    Use: Scroll            |     4 |    13 |     9 |     4 ||    30
         Potion            |       |     2 |     5 |     7 ||    14
   Stab: Sleeping          |    12 |    16 |    22 |     9 ||    59
         Distracted        |       |       |       |     1 ||     1
 Armour: Skin              |     3 |    12 |    20 |    28 ||    63
  Dodge: Dodged            |    23 |    52 |   113 |   184 ||   372
  Block: Buckler           |    11 |    36 |    83 |   127 ||   257
